TOP OF THE 1ST |
Augusta GreenJackets batting - Pitching for Lakewood BlueClaws : RHP Chris Perteet
|
Pitching: RHP Chris Perteet
|
|
Batting: RHB Danny Gallo
|
0-0: Swinging Strike 0-1: Ball 1-1: Ball 2-1: Swinging Strike 2-2: Ball 3-2: Base on Balls
|
Batting: RHB Jonathan Reece
|
0-0: Foul Ball, location: 2F 0-1: Ball 1-1: Ball 2-1: DOUBLE (Flyball, 78D, EV 86.9 MPH) Danny Gallo to third
|
Batting: LHB Carey Horncole
|
0-0: Ball 1-0: Foul Ball, location: 2F 1-1: Foul Ball, location: 2F 1-2: Ground out U3 (Groundball, 3, EV 88.8 MPH)
|
Batting: LHB Gabe Velez
|
0-0: Ball 1-0: Called Strike 1-1: Ball 2-1: 3-RUN HOME RUN (Line Drive, 89XD, EV 103.1 MPH), Distance : 413 ft
|
Batting: RHB Omar Jordan
|
0-0: Fly out, F8 (Flyball, 89D, EV 76.3 MPH)
|
Batting: LHB Terry Ebersole
|
0-0: Foul Ball, location: 2F 0-1: Foul Ball, location: 2F 0-2: Ball 1-2: Ball 2-2: SINGLE (Groundball, P, EV 83.8 MPH) (infield hit)
|
Batting: RHB Doug Kennie
|
0-0: Ball 1-0: Fly out, F7 (Flyball, 78D, EV 81.3 MPH)
|
Top of the 1st over - 3 runs, 3 hits, 0 errors, 1 left on base; Augusta 3 - Lakewood 0 |
BOTTOM OF THE 1ST |
Lakewood BlueClaws batting - Pitching for Augusta GreenJackets : RHP Josh Harriston
|
Pitching: RHP Josh Harriston
|
|
Batting: RHB Alberto Ramirez
|
0-0: Ball 1-0: Called Strike 1-1: Ball 2-1: Swinging Strike 2-2: Foul Ball, location: 2F 2-2: Ball 3-2: Foul Ball, location: 2F 3-2: Strikes out swinging
|
Batting: SHB Bob Dixon
|
0-0: Foul Ball, location: 7LSF, Error on foul ball, E7 0-1: Ball 1-1: Fly out, F8 (Flyball, 8RM, EV 90.0 MPH)
|
Batting: LHB Jose Carlos
|
0-0: Called Strike 0-1: Ball 1-1: Foul Ball, location: 2F 1-2: Ball 2-2: Foul Ball, location: 2F 2-2: Foul Ball, location: 2F 2-2: Ball 3-2: Fly out, F9 (Flyball, 9, EV 93.8 MPH)
|
Bottom of the 1st over - 0 runs, 0 hits, 1 error, 0 left on base; Augusta 3 - Lakewood 0 |
TOP OF THE 2ND |
Augusta GreenJackets batting - Pitching for Lakewood BlueClaws : RHP Chris Perteet
|
Batting: LHB Pong-keun Koh
|
0-0: Ball 1-0: Ball 2-0: SINGLE (Groundball, 6D, EV 94.4 MPH)
|
Batting: RHB Alfredo Lemus
|
0-0: Called Strike 0-1: Ball 1-1: Foul Ball, location: 2F 1-2: Foul Ball, location: 2F 1-2: Ball 2-2: Fielders Choice at 2nd, 5-4 (Groundball, 5, EV 106.9 MPH)
|
Batting: RHB Danny Gallo
|
0-0: Ball 1-0: Ball 2-0: Fly out, F8 (Flyball, 8LD, EV 98.8 MPH)
|
Batting: RHB Jonathan Reece
|
0-0: Called Strike 0-1: Ball 1-1: Ball Pickoff Throw by Catcher to First - Out!
|
Top of the 2nd over - 0 runs, 1 hit, 0 errors, 0 left on base; Augusta 3 - Lakewood 0 |
BOTTOM OF THE 2ND |
Lakewood BlueClaws batting - Pitching for Augusta GreenJackets : RHP Josh Harriston
|
Batting: RHB Victor Arroyo
|
0-0: Foul Ball, location: 2F 0-1: Ball 1-1: Ball 2-1: Foul Ball, location: 2F 2-2: Ball 3-2: Foul Ball, location: 2F 3-2: Fly out, F7 (Flyball, 78S, EV 86.9 MPH)
|
Batting: RHB Roberto Ruiz
|
0-0: Ball 1-0: Called Strike 1-1: Swinging Strike 1-2: Strikes out swinging
|
Batting: RHB Kyle Morse
|
0-0: Reaches on Catchers interference
|
Batting: SHB Mike Rueth
|
0-0: Called Strike 0-1: Ball 1-1: Ball 2-1: Swinging Strike 2-2: Ball 3-2: Foul Ball, location: 2F 3-2: Ground out 5-3 (Groundball, 5L, EV 87.5 MPH)
|
Bottom of the 2nd over - 0 runs, 0 hits, 1 error, 1 left on base; Augusta 3 - Lakewood 0 |
TOP OF THE 3RD |
Augusta GreenJackets batting - Pitching for Lakewood BlueClaws : RHP Chris Perteet
|
Batting: RHB Jonathan Reece
|
0-0: Ball 1-0: Ball 2-0: Ball 3-0: Base on Balls
|
Batting: LHB Carey Horncole
|
0-0: Ball 1-0: Called Strike 1-1: Ball 2-1: Foul Ball, location: 2F 2-2: Strikes out looking
|
Batting: LHB Gabe Velez
|
0-0: Called Strike 0-1: Fielders Choice at 2nd, 1-4 (Groundball, 15S, EV 68.8 MPH)
|
Batting: RHB Omar Jordan
|
0-0: Called Strike 0-1: SINGLE (Groundball, 6D, EV 105.6 MPH) Gabe Velez to second
|
Batting: LHB Terry Ebersole
|
0-0: Ball 1-0: Called Strike 1-1: Ball 2-1: Foul Ball, location: 2F 2-2: Ball 3-2: Foul Ball, location: 2F 3-2: Base on Balls Gabe Velez to third Omar Jordan to second
|
Batting: RHB Doug Kennie
|
0-0: Swinging Strike 0-1: Ball 1-1: SINGLE (Groundball, 5D, EV 110.0 MPH) Gabe Velez scores Omar Jordan to third Terry Ebersole to second Runner from 3rd tries for Home, SAFE, throw by LF to home
|
Batting: LHB Pong-keun Koh
|
0-0: Ground out 4-3 (Groundball, 4, EV 97.5 MPH)
|
Top of the 3rd over - 2 runs, 2 hits, 0 errors, 2 left on base; Augusta 5 - Lakewood 0 |
BOTTOM OF THE 3RD |
Lakewood BlueClaws batting - Pitching for Augusta GreenJackets : RHP Josh Harriston
|
Batting: RHB Pedro Mata
|
0-0: Swinging Strike 0-1: Ball 1-1: Ball 2-1: Swinging Strike 2-2: Ball 3-2: Base on Balls
|
Batting: RHB William-Floyd Goof
|
0-0: Called Strike 0-1: Grounds into double play, 5-4-3 (Groundball, 56S, EV 83.8 MPH)
|
Batting: RHB Alberto Ramirez
|
0-0: Fly out, F6 (Flyball, 6D, EV 86.3 MPH)
|
Bottom of the 3rd over - 0 runs, 0 hits, 0 errors, 0 left on base; Augusta 5 - Lakewood 0 |
TOP OF THE 4TH |
Augusta GreenJackets batting - Pitching for Lakewood BlueClaws : RHP Chris Perteet
|
Batting: RHB Alfredo Lemus
|
0-0: Ball 1-0: Called Strike 1-1: Fly out, F6 (Popup, 6MS, EV 70.6 MPH)
|
Batting: RHB Danny Gallo
|
0-0: Ball 1-0: Called Strike 1-1: Swinging Strike 1-2: Ball 2-2: Strikes out swinging
|
Batting: RHB Jonathan Reece
|
0-0: Swinging Strike 0-1: Ball 1-1: Swinging Strike 1-2: Foul Ball, location: 2F 1-2: DOUBLE (Line Drive, 78D, EV 106.9 MPH)
|
Batting: LHB Carey Horncole
|
0-0: Foul Ball, location: 2F 0-1: Ball 1-1: Ball 2-1: Ball 3-1: Foul Ball, location: 2F 3-2: Base on Balls
|
Batting: LHB Gabe Velez
|
0-0: Swinging Strike 0-1: Swinging Strike Passed Ball! Jonathan Reece to third Carey Horncole to second 0-2: Ball 1-2: Ground out 4-3 (Groundball, 4M, EV 90.0 MPH)
|
Top of the 4th over - 0 runs, 1 hit, 0 errors, 2 left on base; Augusta 5 - Lakewood 0 |
BOTTOM OF THE 4TH |
Lakewood BlueClaws batting - Pitching for Augusta GreenJackets : RHP Josh Harriston
|
Batting: SHB Bob Dixon
|
0-0: Hit by Pitch
|
Batting: LHB Jose Carlos
|
0-0: Ball 1-0: Swinging Strike 1-1: Foul Ball, location: 2F 1-2: Foul Ball, location: 2F 1-2: Ball 2-2: Ball 3-2: Base on Balls Bob Dixon to second
|
Batting: RHB Victor Arroyo
|
0-0: Foul Ball, location: 2F 0-1: Called Strike 0-2: Ball 1-2: Foul Ball, location: 2F 1-2: Ball 2-2: DOUBLE (Line Drive, 9LM, EV 86.9 MPH) Bob Dixon scores Jose Carlos to third
|
Batting: RHB Roberto Ruiz
|
0-0: Ball 1-0: Ball 2-0: Called Strike 2-1: Foul Ball, location: 2F 2-2: Ball 3-2: Foul Ball, location: 2F 3-2: Strikes out swinging
|
Batting: RHB Kyle Morse
|
0-0: Ground out 6-3 (Groundball, 6, EV 87.5 MPH) Jose Carlos scores
|
Batting: SHB Mike Rueth
|
0-0: Ground out 4-3 (Groundball, 4, EV 103.8 MPH)
|
Bottom of the 4th over - 2 runs, 1 hit, 0 errors, 1 left on base; Augusta 5 - Lakewood 2 |
TOP OF THE 5TH |
Augusta GreenJackets batting - Pitching for Lakewood BlueClaws : RHP Chris Perteet
|
Pitching: RHP Omar Pineda
|
|
Batting: RHB Omar Jordan
|
0-0: Foul Ball, location: 2F 0-1: Fly out, F8 (Flyball, 8RS, EV 74.4 MPH)
|
Batting: LHB Terry Ebersole
|
0-0: Ball 1-0: Ball 2-0: Ball 3-0: Called Strike 3-1: Base on Balls
|
Batting: RHB Doug Kennie
|
0-0: Ball 1-0: Ball 2-0: Foul Ball, location: 2F 2-1: Ball 3-1: Swinging Strike 3-2: Base on Balls Terry Ebersole to second
|
Batting: LHB Pong-keun Koh
|
0-0: Ball 1-0: Foul Ball, location: 2F 1-1: Called Strike 1-2: Fly out, F7 (Flyball, 7LD, EV 95.0 MPH) Runner from 2nd tags up, SAFE at 3rd, no throw by LF
|
Batting: RHB Alfredo Lemus
|
0-0: Swinging Strike 0-1: Ball 1-1: Called Strike 1-2: Ball 2-2: Foul Ball, location: 2F 2-2: Ground out 4-3 (Groundball, 4M, EV 103.8 MPH)
|
Top of the 5th over - 0 runs, 0 hits, 0 errors, 2 left on base; Augusta 5 - Lakewood 2 |
BOTTOM OF THE 5TH |
Lakewood BlueClaws batting - Pitching for Augusta GreenJackets : RHP Josh Harriston
|
Batting: RHB Pedro Mata
|
0-0: Ball 1-0: Ball 2-0: Fly out, F5 (Line Drive, 5, EV 63.8 MPH)
|
Batting: RHB William-Floyd Goof
|
0-0: Called Strike 0-1: Fly out, F9 (Flyball, 9S, EV 93.1 MPH)
|
Batting: RHB Alberto Ramirez
|
0-0: Ball 1-0: Ground out U3 (Groundball, 3, EV 85.0 MPH)
|
Bottom of the 5th over - 0 runs, 0 hits, 0 errors, 0 left on base; Augusta 5 - Lakewood 2 |
TOP OF THE 6TH |
Augusta GreenJackets batting - Pitching for Lakewood BlueClaws : RHP Omar Pineda
|
Batting: RHB Danny Gallo
|
0-0: Ball 1-0: Called Strike 1-1: Called Strike 1-2: Strikes out swinging
|
Batting: RHB Jonathan Reece
|
0-0: Ball 1-0: Ball 2-0: Ball 3-0: Called Strike 3-1: Ground out 5-3 (Groundball, 25, EV 81.9 MPH)
|
Pitching: RHP Ronnie DeAngelo
|
|
Batting: LHB Carey Horncole
|
0-0: Swinging Strike 0-1: Swinging Strike 0-2: Ball 1-2: Ball 2-2: Foul Ball, location: 2F 2-2: Ball 3-2: Base on Balls
|
Batting: LHB Gabe Velez
|
0-0: Ball 1-0: Called Strike 1-1: Called Strike 1-2: Strikes out swinging
|
Top of the 6th over - 0 runs, 0 hits, 0 errors, 1 left on base; Augusta 5 - Lakewood 2 |
BOTTOM OF THE 6TH |
Lakewood BlueClaws batting - Pitching for Augusta GreenJackets : RHP Josh Harriston
|
Batting: SHB Bob Dixon
|
0-0: SINGLE (Flyball, 78S, EV 91.3 MPH)
|
Batting: LHB Jose Carlos
|
0-0: Ball 1-0: SINGLE (Flyball, 8LS, EV 95.0 MPH) Bob Dixon to second
|
Batting: RHB Victor Arroyo
|
0-0: Swinging Strike 0-1: Foul Ball, location: 2F 0-2: DOUBLE (Flyball, 8LXD, EV 111.3 MPH) Bob Dixon scores Jose Carlos to third
|
Batting: RHB Roberto Ruiz
|
0-0: Called Strike 0-1: Foul Ball, location: 2F 0-2: Strikes out looking
|
Batting: RHB Kyle Morse
|
0-0: Fly out, F2 (Popup, 2RF, EV 98.8 MPH)
|
Batting: SHB Mike Rueth
|
0-0: DOUBLE (Line Drive, 8LXD, EV 105.6 MPH) Jose Carlos scores Victor Arroyo scores
|
Pitching: RHP Mike Richards
|
|
Batting: RHB Pedro Mata
|
0-0: Ground out 4-3 (Groundball, 4, EV 89.4 MPH)
|
Bottom of the 6th over - 3 runs, 4 hits, 0 errors, 1 left on base; Augusta 5 - Lakewood 5 |
TOP OF THE 7TH |
Augusta GreenJackets batting - Pitching for Lakewood BlueClaws : RHP Ronnie DeAngelo
|
Pitching: LHP Scott Hopkins
|
|
Batting: RHB Omar Jordan
|
0-0: Ground out 6-3 (Groundball, 56, EV 97.5 MPH)
|
Batting: LHB Terry Ebersole
|
0-0: Called Strike 0-1: DOUBLE (Line Drive, 89M, EV 90.0 MPH)
|
Batting: RHB Doug Kennie
|
0-0: Ball 1-0: Fly out, F8 (Line Drive, 8RD, EV 86.9 MPH)
|
Batting: LHB Pong-keun Koh
|
0-0: Ground out 3-1 (Groundball, 34S, EV 88.1 MPH)
|
Top of the 7th over - 0 runs, 1 hit, 0 errors, 1 left on base; Augusta 5 - Lakewood 5 |
BOTTOM OF THE 7TH |
Lakewood BlueClaws batting - Pitching for Augusta GreenJackets : RHP Mike Richards
|
Batting: RHB William-Floyd Goof
|
0-0: Fly out, F6 (Popup, 56, EV 73.1 MPH)
|
Batting: RHB Alberto Ramirez
|
0-0: Called Strike 0-1: DOUBLE (Flyball, 89D, EV 100.0 MPH)
|
Batting: SHB Bob Dixon
|
0-0: Intentional Walk
|
Batting: LHB Jose Carlos
|
0-0: Called Strike 0-1: Foul Ball, location: 2F 0-2: Foul Ball, location: 2F 0-2: Fly out, F7 (Flyball, 7LS, EV 81.9 MPH)
|
Batting: RHB Victor Arroyo
|
0-0: Called Strike 0-1: Ball 1-1: Ball 2-1: Swinging Strike 2-2: Ball 3-2: DOUBLE (Line Drive, 78D, EV 111.9 MPH) Alberto Ramirez scores Bob Dixon to third Bob Dixon scores
|
Batting: RHB Roberto Ruiz
|
0-0: Foul Ball, location: 2F 0-1: Foul Ball, location: 2F 0-2: Ball 1-2: Ball 2-2: Ground out 5-3 (Groundball, 5L, EV 103.1 MPH)
|
Bottom of the 7th over - 2 runs, 2 hits, 0 errors, 1 left on base; Augusta 5 - Lakewood 7 |
TOP OF THE 8TH |
Augusta GreenJackets batting - Pitching for Lakewood BlueClaws : LHP Scott Hopkins
|
Pitching: RHP Ben Clayton
|
|
Now at C: Kyle Morse
|
|
Now at 1B: Manny Mendoza
|
|
Batting: RHB Alfredo Lemus
|
0-0: Foul Ball, location: 2F 0-1: Called Strike 0-2: Ground out 1-3 (Groundball, 13, EV 77.5 MPH)
|
Batting: RHB Danny Gallo
|
0-0: Called Strike 0-1: Ball 1-1: Fly out, F9 (Flyball, 9LM, EV 101.9 MPH)
|
Batting: RHB Jonathan Reece
|
0-0: Called Strike 0-1: Foul Ball, location: 2F 0-2: Ball 1-2: Ball 2-2: SINGLE (Groundball, 56D, EV 103.8 MPH)
|
Pitching: RHP Chris Lee
|
|
Now at C: Troy Hodge
|
|
Now in CF: Kyle Morse
|
|
Batting: LHB Carey Horncole
|
0-0: Called Strike 0-1: Ball 1-1: Ball 2-1: Ball 3-1: Base on Balls Jonathan Reece to second
|
Batting: LHB Gabe Velez
|
0-0: SINGLE (Line Drive, 34D, EV 107.5 MPH) Jonathan Reece to third Carey Horncole to second
|
Batting: RHB Omar Jordan
|
0-0: Fly out, F4 (Popup, 3D, EV 46.9 MPH)
|
Top of the 8th over - 0 runs, 2 hits, 0 errors, 3 left on base; Augusta 5 - Lakewood 7 |
BOTTOM OF THE 8TH |
Lakewood BlueClaws batting - Pitching for Augusta GreenJackets : RHP Mike Richards
|
Pitching: RHP Lorenzo Merjil
|
|
Batting: RHB Kyle Morse
|
0-0: Ball 1-0: Ball 2-0: SINGLE (Line Drive, 4D, EV 111.3 MPH)
|
Batting: SHB Mike Rueth
|
0-0: Called Strike 0-1: Foul Ball, location: 2F 0-2: Ball 1-2: Ball 2-2: Ball 3-2: SINGLE (Line Drive, 7S, EV 105.6 MPH) Kyle Morse to second
|
Batting: RHB Pedro Mata
|
0-0: Ball 1-0: Ball 2-0: Ball 3-0: Called Strike 3-1: Fly out, F9 (Flyball, 89S, EV 90.0 MPH)
|
Batting: LHB Troy Hodge
|
0-0: Called Strike 0-1: Called Strike 0-2: Fly out, F8 (Line Drive, 8RM, EV 100.6 MPH)
|
Batting: RHB Alberto Ramirez
|
0-0: Ball 1-0: Ball 2-0: Ball 3-0: Base on Balls Kyle Morse to third Mike Rueth to second
|
Batting: SHB Bob Dixon
|
0-0: Ball 1-0: Foul Ball, location: 2F 1-1: Fly out, F5 (Popup, 56, EV 65.6 MPH)
|
Bottom of the 8th over - 0 runs, 2 hits, 0 errors, 3 left on base; Augusta 5 - Lakewood 7 |
TOP OF THE 9TH |
Augusta GreenJackets batting - Pitching for Lakewood BlueClaws : RHP Chris Lee
|
Batting: LHB Terry Ebersole
|
0-0: Ground out U3 (Groundball, 3, EV 86.3 MPH)
|
Batting: RHB Doug Kennie
|
0-0: Ball 1-0: Called Strike 1-1: Ball 2-1: Ball 3-1: SINGLE (Groundball, 5D, EV 104.4 MPH)
|
Batting: LHB Pong-keun Koh
|
0-0: Grounds into double play, U6-3 (Groundball, 4MD, EV 82.5 MPH)
|
Top of the 9th over - 0 runs, 1 hit, 0 errors, 0 left on base; Augusta 5 - Lakewood 7 |
|